Map: Orbital Shipyard

Players

LilDicky

  • Race: Terran Terran
  • League: Diamond

masterhan - Winner!

  • Race: Zerg Zerg
  • League: Diamond

VOD

http://www.twitch.tv/tumescentpie

Description

Time

  • Played on: Jan. 2, 2016, 5:44 p.m.
  • Length: 7:16
Show
View Real Time Build Order
Export as new Build Order

LilDicky Terran 

Build Orders: 1/1/1, Liberator Opening 

Get SALT Encoding   

  12  0:01  SCV  
  13  0:13  SCV  
  14  0:18  Supply Depot  
  14  0:25  SCV  
  15  0:39  SCV  
  15  0:42  Barracks  
  16  0:52  Refinery  
  16  0:56  Refinery  
  17  0:57  SCV  
  17  1:09  SCV  
  19  1:29  Supply Depot, Orbital Command  
  19  1:31  Marine  
  19  1:39  Factory  
  19  1:49  Marine  
  20  1:57  SCV  
  20  1:59  Supply Depot  
  21  2:09  SCV  
  21  2:12  Marine  
  23  2:22  Factory Tech Lab, SCV  
  24  2:28  Starport  
  24  2:29  Marine  
  24  2:34  SCV  
  26  2:45  Siege Tank  
  26  2:46  SCV  
  26  2:50  Liberator  
  30  2:58  Supply Depot  
  30  2:59  SCV, Marine  
  32  3:11  SCV  
  36  3:17  Supply Depot  
  36  3:20  Marine  
  36  3:24  Siege Tank  
  40  3:27  SCV  
  41  3:40  SCV  
  42  3:47  Supply Depot  
  42  3:50  Liberator  
  42  3:52  SCV  
  43  3:57  Siege Tank  
  46  4:04  SCV  
  50  4:11  Marine  
  51  4:22  Command Center  
  35  5:01  SCV  
  35  5:02  Marine  
  28  5:07  Siege Tank  
  28  5:13  SCV  
  29  5:20  Marine  
  23  5:25  SCV  
  24  5:42  Marine  
  25  5:55  Orbital Command  
  25  5:58  SCV  
  20  6:18  Marine  
  16  6:19  Siege Tank  
  16  6:21  Viking  
  22  6:31  SCV  
  21  6:51  SCV x2  
  29  7:03  SCV x2  
Show
View Real Time Build Order
Export as new Build Order

masterhan Zerg - Winner!

Build Orders: Hatch First, Zergling Baneling 

Get SALT Encoding   

  12  0:08  Overlord  
  13  0:14  Drone  
  13  0:17  Drone  
  14  0:27  Drone  
  15  0:30  Drone  
  16  0:43  Drone  
  17  0:51  Drone  
  17  0:56  Hatchery  
  17  1:02  Drone  
  18  1:05  Extractor  
  17  1:14  Drone  
  17  1:17  Spawning Pool  
  17  1:24  Drone  
  18  1:34  Drone  
  19  1:46  Overlord  
  19  2:03  Queen  
  19  2:04  Zergling x2  
  19  2:06  Metabolic Boost, Zergling x2  
  19  2:08  Queen  
  25  2:09  Zergling x2  
  26  2:18  Drone  
  26  2:20  Drone  
  28  2:29  Drone  
  29  2:33  Drone  
  30  2:39  Queen  
  30  2:40  Drone  
  30  2:41  Drone, Extractor  
  33  2:50  Drone  
  34  2:54  Baneling Nest, Overlord  
  33  3:00  Drone  
  33  3:02  Drone  
  33  3:04  Pneumatized Carapace  
  35  3:10  Evolution Chamber  
  34  3:20  Overlord  
  34  3:21  Drone  
  34  3:22  Drone  
  36  3:31  Zergling x6  
  39  3:38  Zergling x6  
  42  3:46  Zergling x6  
  45  3:59  Drone  
  45  4:00  Drone x2  
  45  4:01  Drone x3  
  51  4:03  Spore Crawler  
  51  4:09  Baneling x4  
  50  4:15  Baneling x2  
  50  4:16  Baneling x2  
  50  4:22  Spore Crawler  
  50  4:23  Drone  
  50  4:25  Drone  
  50  4:28  Drone  
  52  4:36  Zergling x2  
  52  4:37  Zergling x2  
  49  4:41  Zergling x2  
  49  4:42  Zergling x8  
  46  5:06  Zergling x12  
  31  5:22  Queen  
  33  5:35  Spore Crawler  
  32  5:41  Drone  
  32  5:42  Drone x2, Queen  
  36  5:52  Drone x3  
  39  6:02  Drone  
  40  6:05  Lair, Extractor  
  40  6:06  Extractor  
  35  6:12  Zergling x4  
  37  6:21  Drone  
  37  6:25  Drone x2  
  40  6:26  Zergling x2  
  41  6:43  Overlord  
  41  6:47  Zergling x6  
  42  7:03  Hatchery  
  42  7:04  Drone  
Tags
 
Add a new tag
Caveats
  • Supply blocks, unpowered buildings, or Contaminate may cause inaccurate times.
  • Supply counts are checked every 10 seconds.